Map: Winter Madness LE

Players

HoldTheDoor

  • Race: Protoss Protoss
  • League: Diamond
  • Spawn Location: 11:00

Motverion - Winner!

  • Race: Zerg Zerg
  • League: Diamond
  • Spawn Location: 5:00

VOD

Have the link to the VOD?

Description

Time

  • Played on: May 11, 2026, 12:08 p.m.
  • Length: 7:23
Show
View Real Time Build Order
Export as new Build Order

HoldTheDoor Protoss 

Build Orders: 1 Gate Expand, Zealot Archon, Dark Templar Rush 

Get SALT Encoding   

  12  0:00  Probe  
  13  0:12  Probe  
  14  0:24  Probe  
  14  0:25  Pylon  
  15  0:39  Probe  
  15  0:45  Gateway  
  15  0:47  Probe  
  15  0:49  Assimilator  
  17  0:57  Probe  
  18  1:09  Probe  
  19  1:29  Nexus  
  19  1:33  Cybernetics Core  
  19  1:35  Probe  
  20  1:42  Assimilator  
  20  1:47  Probe  
  21  1:55  Pylon  
  21  1:59  Probe  
  18  2:01  Stalker  
  22  2:11  Probe  
  22  2:12  Warp Gate  
  25  2:23  Probe  
  26  2:30  Adept  
  26  2:33  Gateway  
  26  2:36  Probe  
  29  2:47  Twilight Council  
  29  2:48  Probe  
  29  2:50  Probe  
  31  3:00  Probe  
  31  3:02  Probe  
  31  3:03  Assimilator  
  33  3:17  Probe x2  
  35  3:21  Shield Battery  
  35  3:26  Robotics Facility  
  35  3:28  Dark Shrine  
  35  3:31  Pylon  
  35  3:32  Probe  
  36  3:35  Probe  
  37  3:44  Probe  
  37  3:47  Probe  
  39  3:51  Gateway  
  39  3:53  Gateway  
  39  3:58  Pylon  
  39  3:59  Probe  
  39  4:02  Probe  
  41  4:11  Probe, Adept  
  41  4:13  Warp Prism  
  41  4:14  Probe  
  41  4:15  Adept  
  49  4:29  Probe  
  49  4:30  Probe  
  51  4:33  Pylon  
  51  4:39  Pylon  
  51  4:46  Stalker x2  
  55  5:05  Dark Templar x2  
  59  5:09  Dark Templar  
  59  5:10  Dark Templar  
  63  5:30  Nexus  
  63  5:33  Pylon  
  63  6:07  Probe x2  
  65  6:18  Dark Templar x4  
  67  6:23  Pylon  
  67  6:25  Gateway  
  73  6:30  Pylon  
  73  6:36  Gateway  
  73  6:39  Gateway  
  73  6:40  Gateway  
  73  6:43  Gateway x2  
  73  6:44  Gateway  
  73  6:45  Forge  
  73  6:50  Pylon  
  73  6:53  Zealot x3  
  83  6:57  Pylon, Archon x2  
  83  7:00  Archon  
  83  7:06  Archon  
  83  7:08  Zealot  
  67  7:16  Zealot x3  
Show
View Real Time Build Order
Export as new Build Order

Motverion Zerg - Winner!

Build Orders: Hatch First 

Get SALT Encoding   

  12  0:00  Drone  
  13  0:13  Overlord  
  13  0:18  Drone  
  14  0:33  Drone x2  
  16  0:38  Drone  
  17  0:56  Hatchery  
  16  1:00  Drone  
  17  1:09  Spawning Pool  
  16  1:12  Drone  
  17  1:25  Extractor, Overlord  
  16  1:36  Drone x2  
  18  1:42  Drone  
  19  1:56  Queen  
  21  2:12  Queen  
  21  2:13  Zergling x4  
  21  2:14  Zergling x4  
  27  2:44  Metabolic Boost  
  27  2:49  Drone x2  
  29  2:53  Overlord x2  
  29  3:02  Hatchery  
  27  3:18  Drone x6  
  33  3:22  Queen  
  35  3:37  Drone x2  
  35  3:40  Lair  
  37  3:48  Roach Warren  
  36  3:52  Drone x2  
  38  3:56  Drone  
  38  3:57  Extractor  
  38  3:58  Drone  
  39  4:09  Drone x2  
  41  4:24  Queen  
  41  4:27  Drone x3  
  41  4:31  Drone x2, Extractor x2  
  48  4:36  Drone x3  
  48  4:38  Glial Reconstitution  
  49  4:44  Overlord x3  
  49  4:56  Overlord x3  
  49  4:58  Overseer  
  49  5:15  Zergling x12  
  49  5:16  Roach x4  
  49  5:17  Roach  
  49  5:21  Zergling x6  
  67  5:23  Zergling x2  
  69  5:28  Evolution Chamber  
  69  5:32  Drone x2, Evolution Chamber  
  69  6:00  Spore Crawler  
  69  6:01  Roach  
  69  6:02  Roach x5  
  79  6:09  Spire  
  78  6:22  Drone x5  
  78  6:24  Roach x3  
  89  6:27  Overlord  
  89  6:28  Overlord x2  
  89  6:36  Overlord x3  
  89  6:55  Overseer x2  
  89  6:58  Roach x3  
  89  6:59  Roach x2, Zergling x8  
Tags
 
Add a new tag
Caveats
  • Supply blocks, unpowered buildings, or Contaminate may cause inaccurate times.
  • Supply counts are checked every 10 seconds.